Map: Neon Violet Square LE

Players

Honor - Winner!

  • Race: Protoss Protoss
  • League: Master
  • Spawn Location: 5:00

A.I. 1 (Easy)

  • Race: Terran Terran
  • Spawn Location: 11:00

VOD

Have the link to the VOD?

Description

Time

  • Played on: Nov. 29, 2017, 7:02 a.m.
  • Length: 5:00
Show
View Real Time Build Order
Export as new Build Order

Honor Protoss - Winner!

Build Orders:  

Get SALT Encoding   

  12  0:01  Probe  
  13  0:13  Probe  
  14  0:18  Pylon  
  14  0:25  Probe  
  15  0:37  Probe  
  15  0:38  Gateway  
  16  0:50  Gateway  
  16  1:02  Gateway  
  18  1:30  Zealot (Chrono Boost)  
  18  1:32  Pylon  
  18  1:37  Zealot (Chrono Boost)  
  22  1:47  Zealot (Chrono Boost)  
  24  1:55  Pylon  
  24  1:57  Zealot (Chrono Boost)  
  26  2:04  Zealot (Chrono Boost)  
  26  2:09  Zealot (Chrono Boost)  
  28  2:20  Zealot (Chrono Boost)  
  28  2:21  Zealot  
  32  2:27  Zealot  
  34  2:30  Pylon  
  34  2:44  Zealot  
  34  2:48  Zealot (Chrono Boost)  
  38  2:57  Pylon  
  40  3:03  Zealot (Chrono Boost)  
  42  3:15  Zealot (Chrono Boost)  
  44  3:21  Zealot x2 (Chrono Boost)  
  44  3:32  Zealot  
  46  3:38  Zealot  
  48  3:43  Pylon  
  48  3:48  Zealot  
  50  4:10  Zealot (Chrono Boost)  
  50  4:15  Zealot x2 (Chrono Boost)  
  52  4:24  Pylon  
  52  4:27  Zealot  
  54  4:32  Zealot x2  
Show
View Real Time Build Order
Export as new Build Order

A.I. 1 (Easy) Terran 

Build Orders:  

Get SALT Encoding   

  12  0:00  SCV  
  13  0:13  SCV  
  14  0:20  Supply Depot  
  14  0:25  SCV  
  15  0:42  SCV  
  16  0:43  Barracks  
  16  1:10  Command Center  
  16  1:30  Marine, Orbital Command  
  17  1:33  Supply Depot  
  17  1:43  Refinery  
  17  1:48  Marine  
  17  1:52  Refinery  
  18  1:56  SCV  
  19  2:05  Marine  
  19  2:08  SCV  
  21  2:20  SCV  
  21  2:21  SCV  
  23  2:24  Barracks Tech Lab  
  23  2:32  SCV  
  23  2:33  SCV  
  25  2:43  Reaper  
  26  2:50  Refinery  
  26  2:55  SCV  
  27  2:59  SCV  
  28  3:07  SCV  
  28  3:10  Refinery  
  29  3:13  SCV  
  29  3:16  Marauder  
  29  3:19  SCV  
  32  3:25  SCV  
  24  3:31  SCV  
  20  3:37  Reaper, SCV  
  16  3:43  SCV  
  15  3:50  SCV  
  15  3:55  SCV  
  17  4:07  SCV  
  14  4:19  SCV  
  5  4:31  SCV  
Tags
 
Add a new tag
Caveats
  • Supply blocks, unpowered buildings, or Contaminate may cause inaccurate times.
  • Supply counts are checked every 10 seconds.